 Dungeon Sprint DCSS version 0.23.0-3-gf3c87f2 (webtiles) character file.

Game seed: 4634171548756371695

29100000 nuthulu the Axe Maniac (level 27, -1532/199 HPs)
             Began as a Gargoyle Gladiator on Feb 24, 2019.
             Was the Champion of Makhleb.
             Annihilated by The Meatlord
             ... wielding the +7 sceptre of Torment {pain, torment}
              (1726 damage)
             ... in the Dungeon (Sprint VIII: "Arena of Blood").
             The game lasted 00:04:16 (291 turns).

nuthulu the Axe Maniac (Gargoyle Gladiator)          Turns: 291, Time: 00:04:16

Health: -1532/199  AC: 29    Str: 29    XL:     27
Magic:  54/54      EV: 27    Int: 11    God:    Makhleb [******]
Gold:   0          SH:  0    Dex: 11    Spells: 80/80 levels left

rFire    + . .     SeeInvis .   l - +∞ Axe of Woe
rCold    . . .     Gourm    .   (shield currently unavailable)
rNeg     + . .     Faith    .   b - +0 leather armour
rPois    ∞         Spirit   .   c - +0 helmet
rElec    +         Reflect  .   (no cloak)
rCorr    .         Harm     .   (no gloves)
MR       ++...     NoTele   +   (no boots)
Stlth    +++++++++.             (no amulet)
HPRegen  0.43/turn              o - ring of protection from fire
MPRegen  0.34/turn              (no ring)

@: no status effects
A: big wings, negative energy resistance 1, electricity resistance, unbreathing,
petrification resistance, rot immunity, AC +20
a: Fly, Minor Destruction, Lesser Servant of Makhleb, Major Destruction, Greater
Servant of Makhleb, Renounce Religion


You were in the Dungeon.
You worshipped Makhleb.
Makhleb was exalted by your worship.
You were not hungry.

You visited 1 branch

Inventory:

Hand Weapons
 a - a +0 war axe
 l - the +∞ Axe of Woe (weapon)
   (You found it in the Dungeon)
Missiles
 d - 3 throwing nets (quivered)
Armour
 b - a +0 leather armour (worn)
 c - a +0 helmet (worn)
Jewellery
 m - a +30 ring of slaying
 n - a +30 ring of slaying
 o - a ring of protection from fire (left hand)
 p - a +30 ring of slaying
Scrolls
 k - a scroll of blinking
Potions
 e - a potion of curing
 g - a potion of heal wounds
 h - a potion of haste
 i - 2 potions of magic
 j - a potion of berserk rage
Comestibles
 f - a ration


   Skills:
 O Level 27 Fighting
 O Level 27 Axes
 O Level 27 Throwing
 O Level 27 Armour
 O Level 27 Dodging
 O Level 27 Stealth
 O Level 27 Unarmed Combat
 O Level 27 Spellcasting
 O Level 27 Invocations


You had 80 spell levels left.
You didn't know any spells.
Your spell library was empty.

Dungeon Overview and Level Annotations

Branches:
Dungeon (1/1)

Altars:
Makhleb

Annotations:
D The Meatlord


Innate Abilities, Weirdness & Mutations

You are resistant to torment.
Your stone body is resilient. (AC +20)
You are immune to poison.
Your large and strong wings let you fly indefinitely.
You resist negative energy. (rN+)
You are resistant to electric shocks. (rElec)
You can survive without breathing.
You are immune to petrification.
You are immune to rotting.


Message History

The blast of lightning engulfs the starcursed mass!
The blast of lightning engulfs The Meatlord.
The Meatlord completely resists.
The blast of lightning engulfs the ball lightning.
The ball lightning completely resists.
The ball lightning explodes!
The blast of lightning engulfs the ball lightning.
The ball lightning completely resists.
The blast of lightning engulfs The Meatlord.
The Meatlord completely resists.
The blast of lightning engulfs the ball lightning.
The ball lightning completely resists.
The blast of lightning engulfs you but does no damage.
You resist.
The blast of lightning engulfs the large bag of meat!
The blast of lightning engulfs the starcursed mass!
You hear a shout! x5
The Meatlord hits you with the +7 sceptre of Torment {pain, torment}!!!!!!!!
Ouch! That really hurt!
You die...

........#........#))...
...........#.....#)).))
......#......###)).))
#......%.....))))###
#.o§§...#...)))))_. .
#.§§§.#.......#))).
=.....###§.......%○#_)<.
...o.##)..%#.....)§#))..
. #O&@X....#..)☼○))._.
#*.*........).)..###
.............)###.....
..............)...#.....
..................#.....
.........#..............
........#.#.#...........
.........#.#............
...#.#.#..........


You could see The Meatlord, a starcursed mass, a large bag of meat (inner
flame), a bag of meat and 2 ball lightnings.

Vanquished Creatures
  4 vampire knights (D)
  22 ogres (D)
  5 two-headed ogres (D)
  147 orcs (D)
178 creatures vanquished.

Vanquished Creatures (others)
  4 ball lightnings (D)
4 creatures vanquished.

Grand Total: 182 creatures vanquished

Notes
Turn   | Place    | Note
-------+----------+-------------------------------------------
     0 | D        | Found the +∞ Axe of Woe
     0 | D        | nuthulu the Gargoyle Gladiator began the quest for the Orb.
     0 | D        | Reached XP level 1. HP: 12/12 MP: 1/1
     4 | D        | Became a worshipper of Makhleb the Destroyer
     8 | D        | Noticed a bag of meat
     9 | D        | Noticed a bag of meat
    12 | D        | Killed a bag of meat
    12 | D        | Reached skill level 15 in Dodging
    12 | D        | Reached XP level 2. HP: 29/29 MP: 2/2
    12 | D        | Reached XP level 3. HP: 34/34 MP: 3/3
    12 | D        | Reached XP level 4. HP: 40/40 MP: 4/4
    12 | D        | Reached XP level 5. HP: 44/44 MP: 5/5
    12 | D        | Reached XP level 6. HP: 49/49 MP: 6/6
    12 | D        | Reached XP level 7. HP: 54/54 MP: 7/7
    12 | D        | Reached XP level 8. HP: 60/60 MP: 8/8
    12 | D        | Reached XP level 9. HP: 64/64 MP: 9/9
    12 | D        | Reached XP level 10. HP: 70/70 MP: 10/10
    12 | D        | Reached XP level 11. HP: 74/74 MP: 11/11
    12 | D        | Reached XP level 12. HP: 80/80 MP: 12/12
    12 | D        | Noticed a bag of meat
    12 | D        | Noticed a bag of meat
    12 | D        | Noticed a meat berserker
    13 | D        | Noticed a bag of meat
    13 | D        | Noticed a bag of meat
    14 | D        | Killed a bag of meat
    14 | D        | Reached * piety under Makhleb
    14 | D        | Reached skill level 10 in Throwing
    14 | D        | Reached XP level 13. HP: 87/87 MP: 13/13
    15 | D        | Noticed a bag of meat
    16 | D        | Killed a meat berserker
    16 | D        | Gained mutation: Your large and strong wings let you fly
                  | indefinitely. [Gargoyle growth]
    16 | D        | Reached XP level 14. HP: 95/95 MP: 13/23
    16 | D        | Noticed a bag of meat
    17 | D        | Killed a bag of meat
    17 | D        | Reached skill level 10 in Armour
    17 | D        | Reached skill level 10 in Stealth
    17 | D        | Reached XP level 15. HP: 100/100 MP: 13/27
    18 | D        | Reached ** piety under Makhleb
    18 | D        | Reached skill level 10 in Unarmed Combat
    18 | D        | Reached skill level 10 in Invocations
    19 | D        | Reached skill level 10 in Spellcasting
    19 | D        | Reached XP level 16. HP: 107/107 MP: 13/30
    20 | D        | Reached skill level 15 in Fighting
    20 | D        | Reached *** piety under Makhleb
    20 | D        | Reached skill level 15 in Stealth
    20 | D        | Noticed a large bag of meat
    22 | D        | Reached skill level 15 in Armour
    22 | D        | Reached XP level 17. HP: 115/115 MP: 14/33
    30 | D        | Noticed a large bag of meat
    32 | D        | Noticed a meat berserker
    33 | D        | Noticed a meat berserker
    37 | D        | Killed a meat berserker
    37 | D        | Reached skill level 15 in Unarmed Combat
    37 | D        | Reached skill level 15 in Invocations
    37 | D        | Killed a meat berserker
    37 | D        | Reached **** piety under Makhleb
    37 | D        | Reached XP level 18. HP: 123/123 MP: 17/36
    39 | D        | Reached skill level 15 in Spellcasting
    39 | D        | Noticed a meat berserker
    41 | D        | Noticed a destroyer
    41 | D        | Reached XP level 19. HP: 130/130 MP: 18/39
    41 | D        | Reached skill level 27 in Axes
    41 | D        | Reached skill level 15 in Throwing
    41 | D        | Killed a large bag of meat
    41 | D        | Reached ***** piety under Makhleb
    41 | D        | Noticed a meat berserker
    42 | D        | Killed a large bag of meat
    42 | D        | Reached XP level 20. HP: 140/140 MP: 18/42
    45 | D        | Killed a destroyer
    46 | D        | Reached XP level 21. HP: 149/149 MP: 19/45
    48 | D        | Killed a meat berserker
    48 | D        | Reached skill level 27 in Dodging
    48 | D        | Reached skill level 27 in Stealth
    50 | D        | Killed a meat berserker
    50 | D        | Reached skill level 27 in Armour
    50 | D        | Reached ****** piety under Makhleb
    51 | D        | Reached skill level 27 in Invocations
    51 | D        | Reached XP level 22. HP: 163/163 MP: 20/49
    53 | D        | Reached skill level 27 in Unarmed Combat
    56 | D        | Reached skill level 27 in Fighting
    56 | D        | Reached skill level 27 in Spellcasting
    60 | D        | Reached skill level 27 in Throwing
    60 | D        | Reached XP level 23. HP: 175/175 MP: 23/54
    62 | D        | Noticed a destroyer
    62 | D        | Killed a destroyer
    64 | D        | Reached XP level 24. HP: 181/181 MP: 24/54
    68 | D        | Reached XP level 25. HP: 187/187 MP: 25/54
    72 | D        | Reached XP level 26. HP: 193/193 MP: 26/54
    79 | D        | Reached XP level 27. HP: 199/199 MP: 28/54
    82 | D        | Noticed a destroyer
    88 | D        | Killed a destroyer
    95 | D        | Noticed a large bag of meat
    96 | D        | Noticed a destroyer
   104 | D        | Killed a large bag of meat
   104 | D        | Killed a destroyer
   253 | D        | Noticed a large bag of meat
   262 | D        | Killed a large bag of meat
   275 | D        | Noticed a large bag of meat
   277 | D        | Noticed a large bag of meat
   281 | D        | Noticed The Meatlord
   284 | D        | Killed a large bag of meat
   291 | D        | Annihilated by The Meatlord

Skill      XL: |  1  2  3  4  5  6  7  8  9 10 11 12 13 14 15 16 17 18 19 20 21 22 |
---------------+-------------------------------------------------------------------+-----
Fighting       | 11 12 13 14 15 17 18 19 21 24 27 | 27.0
Axes           | 16 19 20 21 22 23 25 26 27 | 27.0
Throwing       | 9 10 11 12 13 14 15 16 18 27 | 27.0
Dodging        | 15 17 18 19 20 21 22 23 25 26 27 | 27.0
Armour         | 8 10 12 15 18 20 22 24 27 | 27.0
Stealth        | 9 10 13 16 19 20 23 26 27 | 27.0
Unarmed Combat | 7 9 11 13 16 17 20 22 26 27 | 27.0
Spellcasting   | 6 8 10 12 14 16 18 20 23 27 | 27.0
Invocations    | 8 9 11 14 17 18 21 23 27 | 27.0

Action                   |  1- 3 |  4- 6 |  7- 9 | 10-12 | 13-15 | 16-18 | 19-21 | 22-24 | 25-27 || total
-------------------------+-------+-------+-------+-------+-------+-------+-------+-------+-------++-------
Melee: Executioner's axe |     1 |       |       |     1 |     4 |     5 |     6 |    10 |    87 ||   114
Armor: Leather armour    |       |       |       |       |       |       |     1 |       |     9 ||    10
Dodge: Dodged            |       |       |       |       |       |     1 |       |     2 |     4 ||     7
